 Dungeon Crawl Stone Soup version 0.27-a0-385-g3208abaabc (webtiles) character file.

Game seed: 8273964623561536905

100 CryoSword the Slasher (level 4, -2/42 HPs)
             Began as a Deep Dwarf Monk on Feb 19, 2021.
             Slain by an ogre
             ... wielding a +0 giant spiked club
              (27 damage)
             ... on level 3 of the Dungeon.
             The game lasted 00:03:32 (1541 turns).

CryoSword the Slasher (Deep Dwarf Monk)             Turns: 1541, Time: 00:03:32

Health: -2/42      AC:  6    Str: 16    XL:     4   Next: 47%
Magic:  3/3        EV:  9    Int: 10    God:
Gold:   67         SH:  8    Dex: 15    Spells: 3/3 levels left

rFire    . . .     SeeInvis .   a - +1 falchion
rCold    + . .     Faith    .   j - +0 kite shield
rNeg     . . .     Spirit   .   h - +1 ring mail {rC+}
rPois    .         Reflect  .   (no helmet)
rElec    .         Harm     .   (no cloak)
rCorr    .         Rampage  .   (no gloves)
Will     .....                  (no boots)
Stlth    ++........             (no amulet)
HPRegen  0.00/turn              (no ring)
MPRegen  0.08/turn              (no ring)

@: non-regenerating
A: damage resistance, heal wounds, sense surroundings 1, no regeneration
a: Heal Wounds


You were on level 3 of the Dungeon.
You visited 1 branch of the dungeon, and saw 3 of its levels.

You collected 67 gold pieces.

Inventory:

Hand Weapons
 a - a +1 falchion (weapon)
Missiles
 d - 121 stones (quivered)
Armour
 h - a +1 ring mail of cold resistance (worn)
   (You found it on level 2 of the Dungeon)
 j - a +0 kite shield (worn)
   (You found it on level 2 of the Dungeon)
Jewellery
 f - a ring of protection from cold {unknown}
   (You found it on level 1 of the Dungeon)
Scrolls
 b - a scroll of enchant weapon
Potions
 c - a potion of flight {unknown}
 e - a potion of curing {unknown}
 g - a potion of attraction {unknown}
 i - a potion of heal wounds {unknown}


   Skills:
 + Level 3.1 Fighting
 * Level 4.0 Long Blades
 - Level 3.7 Dodging
 + Level 3.4 Stealth
 * Level 1.4 Shields


You had 3 spell levels left.
You didn't know any spells.
Your spell library was empty.

Dungeon Overview and Level Annotations

Branches:
Dungeon (3/15)

Altars:
Fedhas


Innate Abilities, Weirdness & Mutations

You are resistant to damage.
You can heal yourself by infusing magical energy.
You passively map a small area around you.
You do not regenerate.


Message History

A worm is nearby!
A worm is nearby!
An adder comes into view.
The adder bites you.
You hit the adder. You block the adder's attack.
The adder bites you but does no damage.
You hit the adder. The adder bites you but does no damage.
You block the adder's attack.
You completely miss the adder. The adder barely misses you.
You block the adder's attack.
You barely miss the adder. You block the adder's attack.
You slash the adder!
You kill the adder!
The worm bites you!
You have reached level 4!
You feel stronger.
Okay, then.
You are too injured to fight recklessly!
You are too injured to fight recklessly!
You barely miss the worm. The worm bites you.
You hit the worm. The worm closely misses you.
You hit the worm. The worm bites you but does no damage.
You hit the worm. The worm barely misses you.
You hit the worm.
Your shield prevents you from hitting the worm.
The worm closely misses you.
You hit the worm but do no damage. The worm bites you!
* * * LOW HITPOINT WARNING * * *
You barely miss the worm. The worm bites you!
* * * LOW HITPOINT WARNING * * *
You hit the worm. The worm bites you.
* * * LOW HITPOINT WARNING * * *
You hit the worm.
You kill the worm!
You feel much better.
Your magical essence is drained by the effort!
You feel much better.
Found a stone staircase leading down.
An adder comes into view.
The adder hisses angrily.
An adder is nearby!
An adder comes into view.
The adder bites you.
You miss the adder.
The adder hisses angrily.
The adder bites you but does no damage. x2
You miss the adder. The adder closely misses you.
The adder bites you but does no damage.
You closely miss the adder. The adder bites you. The adder closely misses you.
You closely miss the adder. You hit the adder. The adder bites you. x2
You are poisoned.
The adder poisons you! You block the adder's attack.
The adder closely misses you. The adder misses you.
The adder closely misses you.
You miss the adder. The adder bites you but does no damage.
The adder barely misses you.
You riposte.
You miss the adder. You barely miss the adder.
The adder bites you but does no damage. The adder closely misses you.
You hit the adder. The adder barely misses you.
You slash the adder!
You kill the adder!
You block the adder's attack.
Your Shields skill increases to level 1!
You miss the adder. The adder bites you.
You are more poisoned.
The adder poisons you! You block the adder's attack.
You miss the adder. The adder bites you but does no damage.
You block the adder's attack.
You hit the adder. The adder barely misses you.
You slash the adder!
You kill the adder!
You see here an adder corpse.
You see here an adder corpse.
An ogre comes into view. It is wielding a +0 giant spiked club.
An ogre is nearby!
An ogre is nearby!
A kobold comes into view.
The kobold shouts!
You see here an adder corpse.
You are no longer poisoned.
Your ring mail prevents you from hitting the kobold.
An adder comes into view.
The kobold barely misses you.
The adder moves out of view.
You closely miss the kobold. The kobold hits you but does no damage.
The kobold hits you.
You closely miss the kobold. The kobold hits you but does no damage.
You hit the kobold.
You kill the kobold!
Things that are here:
a kobold corpse; an adder corpse The adder hisses angrily.
You completely miss the adder. The adder barely misses you.
The adder bites you.
You are poisoned.
The adder poisons you!
You hit the adder. The adder barely misses you. x2
You barely miss the adder. You block the adder's attack.
You completely miss the adder. The adder closely misses you.
You block the adder's attack.
You barely miss the adder. The adder barely misses you.
You block the adder's attack.
You hit the adder.
You kill the adder!
Your Long Blades skill increases to level 4!
You see here an adder corpse.
There is a stone staircase leading down here.
You start waiting.
You are no longer poisoned.
There is a stone staircase leading down here.
A kobold comes into view. It is wielding a +0 whip.
The kobold shouts!
The kobold moves out of view.
An adder skeleton comes into view.
The kobold closely misses you.
You riposte.
You closely miss the kobold.
The adder skeleton moves out of view.
You closely miss the kobold. The kobold hits you with a +0 whip.
The ogre shouts!
You hit the kobold.
You hear a shout! x2
You block the kobold's attack.
A goblin comes into view. It is wielding a +0 club.
You block the kobold's attack.
You closely miss the kobold. You block the kobold's attack.
The kobold hits you but does no damage.
You barely miss the kobold. You block the kobold's attack.
You barely miss the kobold. You block the kobold's attack.
You slash the kobold!
You kill the kobold!
You hit the ogre but do no damage. You block the ogre's attack.
You closely miss the ogre. The ogre completely misses you.
You riposte.
You hit the ogre. You hit the ogre. You block the ogre's attack.
You hit the ogre.
The ogre hits you with a +0 giant spiked club!!
* * * LOW HITPOINT WARNING * * *
You hit the ogre.
The ogre hits you with a +0 giant spiked club.
You feel much better.
The ogre hits you with a +0 giant spiked club!
You hit the ogre. The ogre closely misses you.
You hit the ogre but do no damage. You block the ogre's attack.
You barely miss the ogre.
The ogre hits you with a +0 giant spiked club!
You hit the ogre. You block the ogre's attack.
You hit the ogre.
The ogre hits you with a +0 giant spiked club!!
Ouch! That really hurt!
You die...

* #..# * * ,
#..# , ##..#
** ,
.####...##
.........# * ,
,#.Z# , #..#g#
#.##O# *
#.##@# , , *
#.##.# *
#.##.#,, *,
#.##.#,
..#####.##.#
...........#
**
#.#####.####*,
#.......>.# ,*
#######†#.#


You could see an ogre, a goblin and an adder skeleton.

Vanquished Creatures
  5 adders
  3 worms
  A dart slug (D:1)
  8 bats
  2 giant cockroaches (D:2)
  3 hobgoblins
  7 kobolds
  6 frilled lizards
  7 goblins
  8 rats
50 creatures vanquished.

Notes
Turn   | Place    | Note
-------+----------+-------------------------------------------
     0 | D:1      | CryoSword the Deep Dwarf Monk began the quest for the Orb.
     0 | D:1      | Reached XP level 1. HP: 20/20 MP: 1/1
   141 | D:1      | Reached XP level 2. HP: 25/27 MP: 2/2
   744 | D:2      | Reached XP level 3. HP: 33/33 MP: 3/3
  1193 | D:2      | Found a blossoming altar of Fedhas.
  1425 | D:3      | Reached XP level 4. HP: 25/42 MP: 4/4
  1466 | D:3      | Reached skill level 1 in Shields
  1477 | D:3      | Noticed an ogre
  1501 | D:3      | Reached skill level 4 in Long Blades
  1541 | D:3      | Slain by an ogre

Illustrated notes

Levels and vault maps discovered:
D:1:      amcnicky_arrival_gap_in_the_tavern_cellar, layout_rooms,
          minmay_misc_feat_iff, minmay_misc_feat_ornament
D:2:      layout_loops_cross, lemuel_tele_altar
D:3:      layout_loops_ring, lemuel_round_altar, gammafunk_ghost_grave,
          uniq_sigmund

Skill      XL: |  1  2  3  4 |
---------------+-------------+-----
Stealth        | 3 |  3.4
Fighting       | 3 |  3.1
Shields        | 1 |  1.4
Long Blades    | 4 |  4.0
Dodging        | |  3.7

Action                   |  1- 3 |  4- 6 || total
-------------------------+-------+-------++-------
Melee: Falchion          |   137 |    49 ||   186
Throw: Stone             |     7 |       ||     7
 Abil: Heal Wounds       |     4 |     3 ||     7
  Use: Scroll            |     2 |       ||     2
 Stab: Sleeping          |     6 |       ||     6
Armor: Robe              |    24 |       ||    24
       Ring mail         |    23 |    10 ||    33
Dodge: Dodged            |   112 |    21 ||   133
Block: Kite shield       |     9 |    16 ||    25
       Rpst.: Falchion   |    28 |     3 ||    31

Table legend: (Time is in decaauts)
 A = Elapsed time spent in this place.
 B = Non-inter-level travel time spent in this place.
 C = Inter-level travel time spent in this place.
 D = Time resting spent in this place.
 E = Time spent auto-exploring this place.
 F = Levels seen in this place.
 G = Mean time per level.
                   A        B        C        D        E       F      G
               +--------+--------+--------+--------+--------+-----+--------+
         Total |   1587 |   1545 |     42 |      5 |    922 |   3 |  529.0 |
       Dungeon |   1587 |   1545 |     42 |      5 |    922 |   3 |  529.0 |
               +--------+--------+--------+--------+--------+-----+--------+

Top non-repeatable levels by time:
     D:2: 754 daAuts
     D:1: 569 daAuts
     D:3: 264 daAuts
